 Dungeon Crawl Stone Soup version 0.20.1 (webtiles) character file.

189 Crownlay the Shooter (level 5, -6/45 HPs)
             Began as a Minotaur Hunter on July 2, 2017.
             Was an Initiate of Dithmenos.
             Shot with an arrow by a centaur (9 damage)
             ... on level 4 of the Dungeon.
             The game lasted 00:15:06 (2695 turns).

Crownlay the Shooter (Minotaur Hunter)              Turns: 2695, Time: 00:15:08

Health: -6/45      AC:  5    Str: 16    XL:     5   Next: 40%
Magic:  4/4        EV: 11    Int:  8    God:    Dithmenos [......]
Gold:   110        SH:  0    Dex: 12    Spells: 4/4 levels left

rFire    x . .     SeeInvis +   a - +1 shortbow
rCold    + . .     Gourm    .   (shield currently unavailable)
rNeg     . . .     Faith    .   j - +0 ring mail
rPois    .         Spirit   .   (helmet restricted)
rElec    .         Reflect  .   (no cloak)
rCorr    .         Harm     .   (no gloves)
MR       .....                  (no boots)
Stlth    +.........             (no amulet)
Regen    0.2/turn               c - ring of ice
MPRegen  0.1/turn               h - ring of see invisible

@: no status effects
A: retaliatory headbutt, horns 2
a: Renounce Religion


You were on level 4 of the Dungeon.
You worshipped Dithmenos.
Dithmenos was noncommittal.
You were not hungry.

You visited 1 branch of the dungeon, and saw 4 of its levels.

You collected 110 gold pieces.

Inventory:

Hand Weapons
 a - a +1 shortbow (weapon)
 b - a +0 short sword
 p - a +0 dagger
Missiles
 d - 59 arrows (quivered)
 q - an exploding tomahawk
Armour
 j - a +0 ring mail (worn)
 l - a scarf of spirit shield
Jewellery
 c - a ring of ice (left hand)
 h - a ring of see invisible (right hand)
 m - an uncursed ring of wizardry {unknown}
Scrolls
 r - a scroll of recharging
 t - a scroll of fog {unknown}
 u - 3 scrolls of random uselessness {unknown}
Potions
 e - a potion of heal wounds {unknown}
 i - a potion of agility {unknown}
 n - a potion of degeneration {unknown}
 o - a potion of resistance {unknown}
 s - a potion of magic {unknown}
Comestibles
 f - 3 fruits
 g - 2 meat rations
 k - 3 bread rations


   Skills:
 + Level 3.2 Fighting
 + Level 0.4 Short Blades
 + Level 6.4 Bows
 + Level 2.1 Armour
 + Level 2.5 Dodging
 + Level 0.8 Stealth


You had 4 spell levels left.
You didn't know any spells.

Dungeon Overview and Level Annotations

Branches:
Dungeon (4/15)
 Temple: D:4-7

Altars:
Dithmenos


Innate Abilities, Weirdness & Mutations

You reflexively headbutt those who attack you in melee.
You have a pair of horns on your head.


Message History

Press: ? - help, Shift-Dir - straight line, f/p - centaur
Aim: a centaur, wielding a shortbow You shoot an arrow.
The arrow hits the centaur.
The centaur is lightly wounded.
The centaur shoots an arrow.
The arrow barely misses you.
The centaur shoots an arrow.
The arrow hits you.
* * * LOW HITPOINT WARNING * * *
Firing (i - inventory. (,) - cycle):
d - 61 arrows (quivered)
Press: ? - help, Shift-Dir - straight line, f/p - centaur
Aim: a centaur, wielding a shortbow (lightly wounded)
You shoot an arrow. The arrow hits the centaur.
The centaur is moderately wounded.
The centaur shoots an arrow.
The arrow hits you.
* * * LOW HITPOINT WARNING * * *
Firing (i - inventory. (,) - cycle):
d - 60 arrows (quivered)
Press: ? - help, Shift-Dir - straight line, f/p - centaur
Aim: a centaur, wielding a shortbow (moderately wounded)
You shoot an arrow. The arrow barely misses the centaur.
The centaur shoots an arrow.
The arrow hits you!
You die...

##################
......(((@..†....#
.#..#..#..#.[#...#
c..............#
#..#..#..#..#...#
.................#
################.#
###...#########.#
...#...........#
#...####.######


You could see a centaur.

Vanquished Creatures
  An orc wizard (D:3)
  Jessica (D:3)
  A worker ant (D:4)
  4 adders
  2 oozes
  A dart slug (D:1)
  A worm (D:2)
  2 leopard geckos (D:3)
  4 orcs (D:3)
  2 ball pythons
  5 bats
  3 giant cockroaches
  10 goblins
  3 hobgoblins
  4 jackals (D:3)
  3 quokkas
  3 frilled lizards
  5 kobolds
55 creatures vanquished.

Notes
Turn   | Place    | Note
-------+----------+-------------------------------------------
     0 | D:1      | Crownlay the Minotaur Hunter began the quest for the Orb.
     0 | D:1      | Reached XP level 1. HP: 18/18 MP: 0/0
   202 | D:1      | Reached XP level 2. HP: 25/25 MP: 1/1
   630 | D:1      | Reached skill level 5 in Bows
   871 | D:2      | Reached XP level 3. HP: 22/30 MP: 2/2
  1570 | D:3      | Reached skill level 1 in Armour
  1631 | D:3      | Reached XP level 4. HP: 32/37 MP: 3/3
  1716 | D:3      | Noticed Jessica
  1721 | D:3      | Killed Jessica
  1751 | D:3      | Reached skill level 6 in Bows
  1758 | D:3      | Reached XP level 5. HP: 12/45 MP: 4/4
  2149 | D:3      | Found a shadowy altar of Dithmenos.
  2157 | D:3      | Became a worshipper of Dithmenos the Shadowed
  2686 | D:4      | Noticed a centaur
  2694 | D:4      | HP: 2/45 [centaur/arrow (1)]
  2695 | D:4      | Shot with an arrow by a centaur

Skill      XL: |  1  2  3  4  5 |
---------------+----------------+-----
Bows           | 5 6 |  6.4
Armour         | 1 2 |  2.1
Fighting       | 3 |  3.2
Short Blades   | |  0.4
Dodging        | |  2.5
Stealth        | |  0.8

Action                   |  1- 3 |  4- 6 || total
-------------------------+-------+-------++-------
Melee: Short sword       |    10 |    27 ||    37
       Headbutt          |     2 |     4 ||     6
 Fire: Shortbow          |    81 |    51 ||   132
  Use: Scroll            |     5 |       ||     5
       Potion            |     1 |       ||     1
  Eat: Bread ration      |     1 |       ||     1
       Fruit             |       |     1 ||     1
Armor: Leather armour    |     4 |       ||     4
       Ring mail         |    16 |    22 ||    38
Dodge: Dodged            |    31 |    28 ||    59
